 Dungeon Crawl Stone Soup version 0.21.1-1-g345015f (webtiles) character file.

261 rrRat the Cudgeler (level 5, -2/45 HPs)
             Began as a Minotaur Gladiator on June 7, 2018.
             Killed from afar by Dowan (13 damage)
             ... with a puff of flame
             ... on level 4 of the Dungeon.
             The game lasted 00:22:49 (2094 turns).

rrRat the Cudgeler (Minotaur Gladiator)             Turns: 2094, Time: 00:22:53

Health: -2/45      AC:  9    Str: 19    XL:     5   Next: 96%
Magic:  4/4        EV:  9    Int:  5    God:
Gold:   163        SH:  0    Dex: 12    Spells: 4/4 levels left

rFire    . . .     SeeInvis .   a - +0 flail
rCold    . . .     Gourm    .   (no shield)
rNeg     . . .     Faith    +   e - +0 chain mail
rPois    .         Spirit   .   c - +0 hat
rElec    .         Reflect  .   (no cloak)
rCorr    .         Harm     .   (no gloves)
MR       .....                  (no boots)
Stlth    ..........             o - amulet of faith
HPRegen  0.15/turn              u - +2 ring of slaying
MPRegen  0.09/turn              (no ring)

@: no status effects
A: retaliatory headbutt, horns 2
a: no special abilities


You were on level 4 of the Dungeon.
You were not hungry.

You visited 1 branch of the dungeon, and saw 4 of its levels.

You collected 163 gold pieces.

Inventory:

Hand Weapons
 a - a +0 flail (weapon)
 h - a +0 dagger of draining
Missiles
 d - 3 throwing nets (quivered)
Armour
 c - a +0 hat (worn)
 e - a +0 chain mail (worn)
Jewellery
 o - an amulet of faith (around neck)
 u - a +2 ring of slaying (left hand)
Scrolls
 b - 2 scrolls of remove curse
 g - a scroll of noise {unknown}
 i - a scroll of random uselessness {unknown}
 j - a scroll of teleportation {unknown}
 k - 2 scrolls of magic mapping {unknown}
 m - a scroll of blinking {unknown}
 n - a scroll of enchant weapon {unknown}
 p - 2 scrolls of identify {unknown}
 q - a scroll of enchant armour {unknown}
Potions
 l - 2 potions of heal wounds {unknown}
 r - a potion of agility {unknown}
 s - a potion of curing
Comestibles
 f - 9 rations


   Skills:
 + Level 3.3 Fighting
 + Level 5.8 Maces & Flails
 - Level 2.0 Throwing
 * Level 4.0 Armour
 + Level 4.1 Dodging


You had 4 spell levels left.
You didn't know any spells.

Dungeon Overview and Level Annotations

Branches:
Dungeon (4/15)
 Temple: D:4-7

Altars:
Qazlal
Sif Muna
The Shining One

Annotations:
D:4 Dowan, Duvessa


Innate Abilities, Weirdness & Mutations

You reflexively headbutt those who attack you in melee.
You have a pair of horns on your head.


Message History

Duvessa hits you with a short sword of speed.
* * * LOW HITPOINT WARNING * * *
You feel better.
Dowan says, "My weaknesses are her strengths!"
Dowan hits you but does no damage. Duvessa hits you but does no damage.
You closely miss Dowan.
Dowan is moderately wounded.
Dowan hits you but does no damage. Duvessa closely misses you.
You sock Dowan!
Dowan is severely wounded.
Duvessa closely misses you. Dowan barely misses you.
Duvessa hits you with a short sword of speed.
* * * LOW HITPOINT WARNING * * *
You barely miss Dowan. Your headbutt misses Dowan.
Dowan is severely wounded.
Dowan says, "My weaknesses are her strengths!"
Dowan hits you but does no damage. Duvessa hits you but does no damage.
Dowan casts a spell at you. The puff of flame hits you!
You die...

### #...
....#######..####
###..............
...........e.....
..# ##...# . ..#
#..### #.##..#
#.## #.....#
###e#
###..#..####.e@#
.............###
...........###
...........##
..[.........###
######....)..#
#..###)#...# #.##
#(###.# #.. #>#
..


You could see Duvessa and Dowan.

Vanquished Creatures
  A hound (D:4)
  An orc priest (D:3)
  3 worker ants (D:4)
  3 adders
  An ooze (D:1)
  An adder skeleton (D:4)
  A worm (D:2)
  2 dart slugs
  A leopard gecko (D:1)
  10 orcs
  9 bats
  4 giant cockroaches
  7 goblins
  10 hobgoblins
  2 jackals (D:1)
  5 kobolds
  3 quokkas (D:3)
  9 rats
73 creatures vanquished.

Notes
Turn   | Place    | Note
-------+----------+-------------------------------------------
     0 | D:1      | rrRat the Minotaur Gladiator began the quest for the Orb.
     0 | D:1      | Reached XP level 1. HP: 18/18 MP: 0/0
    87 | D:1      | Reached XP level 2. HP: 11/25 MP: 1/1
    92 | D:1      | Reached skill level 4 in Maces & Flails
   116 | D:1      | Reached skill level 1 in Armour
   275 | D:1      | Reached XP level 3. HP: 8/30 MP: 2/2
   373 | D:1      | You fall through a shaft!
  1194 | D:3      | Reached XP level 4. HP: 21/37 MP: 3/3
  1328 | D:3      | Reached skill level 5 in Maces & Flails
  1393 | D:3      | Found a glowing golden altar of the Shining One.
  1492 | D:3      | Found a deep blue altar of Sif Muna.
  1492 | D:3      | Found a stormy altar of Qazlal.
  1946 | D:4      | Reached XP level 5. HP: 40/45 MP: 4/4
  1986 | D:4      | Got a faintly glowing robe
  2076 | D:4      | Noticed Duvessa
  2080 | D:4      | Noticed Dowan
  2094 | D:4      | Killed from afar by Dowan

Skill      XL: |  1  2  3  4  5 |
---------------+----------------+-----
Maces & Flails | 4 5 |  5.8
Armour         | 1 2 3 4 |  4.0
Fighting       | 3 |  3.3
Dodging        | 4 |  4.1
Throwing       | |  2.0

Action                   |  1- 3 |  4- 6 || total
-------------------------+-------+-------++-------
Melee: Flail             |    84 |    88 ||   172
       Headbutt          |    14 |     6 ||    20
  Use: Scroll            |     1 |       ||     1
       Potion            |       |     2 ||     2
  Eat: Chunk             |       |     4 ||     4
Armor: Leather armour    |    28 |       ||    28
       Chain mail        |       |    69 ||    69
Dodge: Dodged            |    66 |    53 ||   119
